Get step-by-step instructions on how to execute this build order below. Start the game timer, and the build order will tick by so you can play in parallel with StarCraft on a second screen or mobile device.

Game Time

  0:00

Last Step

  N/A

Next Step

Upcoming Step



Don't want to look back and forth between 2 screens? Try out our Overwolf App, the Spawning Tool Build Advisor to get an in-game overlay with this build!

Complete Build Order

  12  0:01  Drone  
  13  0:12  Overlord  
  13  0:16  Drone  
  14  0:30  Drone x2  
  14  0:34  Drone  
  17  0:36  Extractor  
  16  0:45  Drone  
  17  0:51  Spawning Pool  
  17  0:56  Drone  
  17  1:07  Drone  
  18  1:19  Hatchery  
  17  1:27  Drone  
  17  1:32  Drone  
  19  1:39  Queen  
  21  1:44  Evolution Chamber  
  20  1:51  Drone  
  21  1:56  Overlord  
  21  2:01  Drone  
  22  2:09  Zerg Melee Weapons Level 1  
  22  2:13  Metabolic Boost  
  23  2:15  Drone  
  23  2:25  Drone  
  23  2:28  Queen  
  26  2:35  Drone x2  
  28  2:43  Overlord  
  28  2:49  Zergling x2  
  28  2:50  Zergling x4  
  31  2:51  Zergling x2  
  32  2:59  Baneling Nest  
  32  3:00  Zergling x2  
  32  3:02  Zergling x2  
  32  3:05  Zergling x2  
  34  3:07  Zergling x2  
  35  3:14  Zergling x2  
  35  3:18  Zergling x2  
  35  3:19  Zergling x4  
  39  3:20  Zergling x2  
  40  3:31  Overlord  
  40  3:32  Zergling x2  
  41  3:36  Zergling x2  
  41  3:37  Zergling x4  
  44  3:47  Baneling x8  
  44  3:50  Zergling x4  
  44  3:53  Zergling x2  
  47  3:56  Zergling x2  
  47  3:58  Zergling x2  
  47  4:01  Zergling x2  
  50  4:03  Zergling x2  
  50  4:07  Zergling x2  
  50  4:09  Zergling x2  
  52  4:11  Zergling x2  
  52  4:21  Overlord